 Dungeon Crawl Stone Soup version 0.28.0 (webtiles) character file.

Game seed: 12243504099821205977

27 sanka the Magician (level 2, 0/16 HPs)
             Began as a Deep Elf Transmuter on Feb 8, 2022.
             Slain by a kobold (4 damage)
             ... on level 2 of the Dungeon.
             The game lasted 00:01:55 (2484 turns).

sanka the Magician (Deep Elf Transmuter)            Turns: 2484, Time: 00:01:55

Health: 0/16       AC:  2    Str:  7    XL:     2   Next: 93%
Magic:  8/9        EV: 12    Int: 17    God:
Gold:   171        SH:  0    Dex: 15    Spells: 9/10 levels left

rFire   . . .      SeeInvis .     - Unarmed
rCold   . . .      Faith    .   (no shield)
rNeg    . . .      Spirit   .   a - +0 robe
rPois   .          Reflect  .   (helmet currently unavailable)
rElec   .          Harm     .   e - scarf {shadows}
rCorr   .          Rampage  .   (no gloves)
Will    .....                   (boots currently unavailable)
Stlth   +.........              (no amulet)
HPRegen 0.05/turn               (no ring)
MPRegen 0.11/turn               (no ring)

@: appendages
A: horns 2, talons 2
a: End Transformation


You were on level 2 of the Dungeon.
You had temporarily grown beastly horns and talons.
You visited 1 branch of the dungeon, and saw 2 of its levels.

You collected 171 gold pieces.

Inventory:

Armour
 a - a +0 robe (worn)
 e - a scarf of shadows (worn)
Jewellery
 f - a ring of willpower
Scrolls
 b - a scroll of noise {unknown}
 c - a scroll of silence {unknown}
 g - a scroll of identify {unknown}
 h - a scroll of enchant weapon {unknown}
Potions
 d - a potion of curing {unknown}


   Skills:
 - Level 0.7 Fighting
 - Level 2.4 Dodging
 - Level 2.4 Unarmed Combat
 + Level 4.8 Spellcasting
 - Level 2.1 Transmutations


You had 9 spell levels left.
You knew the following spells:

 Your Spells              Type           Power      Damage    Failure   Level
a - Beastly Appendage     Tmut           22%        N/A       6%          1

Your spell library contained the following spells:

 Spells                   Type           Power      Damage    Failure   Level
 Wereblood                Tmut           11%        N/A       9%          2
 Spider Form              Tmut/Pois      7%         N/A       28%         3
 Ice Form                 Ice/Tmut       7%         N/A       67%         4


Dungeon Overview and Level Annotations

Branches:
Dungeon (2/15)

Altars:

Annotations:
D:2 exclusions: 2 orcs and orc wizard


Innate Abilities, Weirdness & Mutations

You have temporarily grown beastly horns and talons.


Message History

You start resting.
Magic restored.
You start resting.
Your horns disappear.
Your talons disappear.
HP restored.
Found a scroll labelled FAWKOF GUPN.
Things that are here:
a ball python corpse; a bat corpse
Things that are here:
a +0 short sword; a kobold corpse
g - a scroll labelled EXZINGORE
h - a scroll labelled FAWKOF GUPN A worm comes into view.
You grow a pair of large bovine horns.
Your feet morph into talons.
You hit the worm. You claw the worm.
The worm is moderately wounded.
You hit the worm. You claw the worm. You headbutt the worm.
The worm is almost dead.
The worm misses you.
You hit the worm but do no damage. Your headbutt misses the worm.
The worm is severely wounded.
The worm closely misses you.
You completely miss the worm.
The worm is severely wounded.
You hit the worm but do no damage. Your kick misses the worm.
The worm is severely wounded.
The worm bites you!
Ouch! That really hurt!
You hit the worm. You claw the worm.
You kill the worm!
You start resting.
Your transformation is almost over.
Your horns disappear.
Your talons disappear.
A kobold comes into view. It is wielding a +0 falchion.
You grow a pair of large bovine horns.
Your feet morph into talons.
You hit the kobold but do no damage. Your kick misses the kobold.
The kobold hits you with a +0 falchion!
* * * LOW HITPOINT WARNING * * *
You hit the kobold but do no damage. Your kick misses the kobold.
The kobold hits you with a +0 falchion.
You die...

......).>.######.#
.......# #.# ..####.# #.#
#..##.#.######.# ### #
#...............
..#.#...##.....######
####.#....##.#.#####
....#..K#.##.......###
P#####..@.#.##.#........
.....†....#.##.#..#######
###...#...#.##.#.........
#...#...#.##.#.#####...
#...#..........########
.....##......†....).....
.##.........##.#.########
##..##.#.###.#.# . ......
..#.#


You could see a kobold.

Vanquished Creatures
  A worm (D:2)
  A dart slug (D:1)
  A goblin (D:1)
  3 hobgoblins (D:1)
  2 quokkas
  7 ball pythons
  A bat (D:2)
  3 kobolds
  3 rats (D:1)
22 creatures vanquished.

Vanquished Creatures (others)
  7 fungi (D:2)
  5 toadstools (D:2)
12 creatures vanquished.

Grand Total: 34 creatures vanquished

Notes
Turn   | Place    | Note
-------+----------+-------------------------------------------
     0 | D:1      | sanka the Deep Elf Transmuter began the quest for the Orb.
     0 | D:1      | Reached XP level 1. HP: 11/11 MP: 6/6
   839 | D:1      | Reached skill level 4 in Spellcasting
   839 | D:1      | Reached XP level 2. HP: 11/16 MP: 7/9
  2484 | D:2      | Slain by a kobold

Illustrated notes

Levels and vault maps discovered:
D:1:      erik_arrival_blinker_ship, layout_basic
D:2:      cheibrodos_pilgrimage, layout_basic,
          shapermc_ecumenical_altar_rom_forum, minmay_gold_behind_fungi

Skill      XL: |  1 |
---------------+----+-----
Spellcasting   | 4 |  4.8
Fighting       | |  0.7
Dodging        | |  2.4
Unarmed Combat | |  2.4
Transmutations | |  2.1

Action                   || total
-------------------------++-------
Melee: Unarmed           ||    62
       Kick              ||    16
       Headbutt          ||    12
       Punch             ||     1
 Cast: Beastly Appendage ||    21
 Stab: Sleeping          ||     1
Armor: Robe              ||     5
Dodge: Dodged            ||    33
